Map: Eternal Empire LE

Players

Plus

  • Race: Zerg Zerg
  • League: Silver
  • Spawn Location: 7:00

JohnnyV - Winner!

  • Race: Terran Terran
  • League: Bronze
  • Spawn Location: 1:00

VOD

Have the link to the VOD?

Description

Time

  • Played on: April 30, 2020, 8:50 a.m.
  • Length: 10:20
Show
View Real Time Build Order
Export as new Build Order

Plus Zerg 

Build Orders: Hatch First 

Get SALT Encoding   

  12  0:02  Drone  
  13  0:08  Drone  
  14  0:39  Hatchery  
  14  0:41  Drone  
  14  0:57  Spawning Pool  
  14  1:01  Overlord  
  13  1:06  Drone  
  14  1:19  Drone, Extractor  
  14  1:21  Drone  
  15  1:30  Drone  
  16  1:35  Drone  
  17  1:44  Queen  
  19  1:47  Drone  
  20  1:59  Drone  
  21  2:01  Drone  
  21  2:04  Queen  
  24  2:12  Drone, Extractor  
  24  2:15  Drone x2  
  26  2:19  Overlord  
  26  2:26  Drone  
  27  2:31  Zergling x2  
  28  2:41  Drone  
  29  2:50  Drone  
  30  3:16  Drone  
  30  3:17  Drone x2  
  33  3:32  Drone  
  33  3:33  Drone x2  
  36  3:37  Overlord  
  36  3:46  Roach Warren  
  35  3:50  Evolution Chamber  
  34  4:06  Drone  
  34  4:07  Drone x2  
  34  4:09  Hatchery  
  36  4:22  Extractor  
  35  4:27  Extractor  
  35  4:30  Lair  
  34  4:37  Overlord x2  
  34  4:38  Overlord  
  34  4:50  Queen  
  36  5:02  Zerg Missile Weapons Level 1  
  36  5:05  Roach x2  
  36  5:06  Roach x5  
  50  5:24  Drone  
  51  5:38  Roach  
  51  5:39  Roach x5  
  51  5:40  Roach x4  
  68  6:28  Spore Crawler  
  68  6:29  Queen  
  68  6:32  Roach x2  
  73  6:45  Overlord x2  
  73  6:53  Glial Reconstitution  
  73  6:56  Zerg Ground Armor Level 1  
  73  7:09  Drone  
  73  7:10  Drone x3  
  43  7:38  Roach x6  
  43  7:39  Roach x4  
  43  7:40  Roach  
  65  8:04  Drone x2  
  67  8:08  Drone x2  
  69  8:29  Roach x5  
  69  8:30  Roach x4  
  69  8:31  Roach  
  67  9:03  Roach x2  
  67  9:04  Roach x5  
  67  9:05  Roach x4  
  69  9:48  Roach x4  
  69  9:49  Roach x4  
Show
View Real Time Build Order
Export as new Build Order

JohnnyV Terran - Winner!

Build Orders:  

Get SALT Encoding   

  12  0:01  SCV  
  13  0:18  Supply Depot  
  13  0:19  SCV  
  14  0:31  SCV  
  15  0:41  Barracks  
  15  0:43  SCV  
  16  0:52  Refinery  
  16  0:55  SCV  
  17  1:02  Refinery  
  17  1:07  SCV  
  18  1:19  SCV  
  19  1:32  SCV  
  20  1:36  Bunker  
  20  1:40  Reaper  
  20  1:44  SCV  
  22  1:54  Factory  
  22  2:01  Orbital Command  
  22  2:09  Supply Depot  
  22  2:13  Barracks Reactor  
  22  2:39  Widow Mine  
  22  2:42  Command Center  
  24  3:16  Marine  
  24  3:17  Marine  
  24  3:18  Widow Mine  
  27  3:34  Starport  
  27  3:38  Marine x2  
  31  3:50  Widow Mine  
  31  3:57  Supply Depot  
  31  3:58  Supply Depot  
  31  4:11  Engineering Bay  
  31  4:17  Marine x2  
  33  4:30  Factory Tech Lab  
  33  4:31  Liberator  
  36  4:38  Fusion Core  
  36  4:41  Missile Turret  
  36  4:45  Marine x2  
  36  4:47  Missile Turret  
  36  4:48  Planetary Fortress  
  36  4:52  Terran Infantry Weapons Level 1  
  38  4:55  SCV  
  39  5:07  SCV  
  39  5:09  Siege Tank  
  43  5:30  Barracks  
  43  5:31  Viking, Barracks Tech Lab  
  43  5:33  Viking  
  47  5:48  Siege Tank  
  50  5:52  Marine  
  50  5:56  Combat Shield  
  51  6:10  Marine  
  52  6:34  Barracks Reactor  
  52  6:40  Weapon Refit  
  52  6:59  Widow Mine  
  54  7:02  Medivac  
  45  7:42  Bunker  
  45  7:46  SCV x2  
  47  7:56  Barracks  
  47  7:58  SCV x2, Barracks x2  
  49  8:02  Marine x3  
  52  8:07  Supply Depot  
  52  8:10  SCV x2  
  54  8:19  Marine  
  54  8:20  Marine x2  
  54  8:22  SCV x2  
  54  8:23  Liberator  
  62  8:28  Liberator  
  62  8:30  Supply Depot  
  62  8:32  Supply Depot  
  62  8:33  Supply Depot  
  62  8:34  SCV x2, Refinery  
  67  8:53  Supply Depot  
  61  9:07  Bunker  
  61  9:12  Bunker  
  61  9:36  Marine x3  
  64  9:39  Siege Tank  
  64  9:42  Marine x3  
  70  9:53  Marine  
  70  9:54  Marine x2  
  73  10:00  Marine x3  
Tags
 
Add a new tag
Caveats
  • Supply blocks, unpowered buildings, or Contaminate may cause inaccurate times.
  • Supply counts are checked every 10 seconds.